 Dungeon Crawl Stone Soup version 0.18.1-48-g4cf74bf (webtiles) character file.

6465 Joat the Ducker (level 11, 0/74 HPs)
             Began as an Octopode Wizard on Aug 20, 2016.
             Was a Believer of Ashenzari.
             Slain by a warg (12 damage)
             ... on level 11 of the Dungeon on Aug 21, 2016.
             The game lasted 01:31:23 (12234 turns).

Joat the Ducker (Octopode Wizard)                  Turns: 12234, Time: 01:31:24

Health: 0/74       AC:  3    Str:  2    XL:     11   Next: 0%
Magic:  15/21      EV: 17    Int: 23    God:    Ashenzari [**....]
Gold:   147        SH:  0    Dex: 13    Spells: 4 memorised, 15 levels left

rFire  + . .     SeeInvis +     r - +8 shortbow "Otaugrem" {venom, Fragile Str-5 SInv Stlth+} (curse)
rCold  . . .     Gourm    .     (shield currently unavailable)
rNeg   . . .     Faith    .     a - +2 hat (curse)
rPois  .         Spirit   .     h - amulet of rage
rElec  .         Dismiss  .     i - ring of protection from fire (curse)
rCorr  +         Reflect  .     n - ring of see invisible (curse)
SustAt .         Harm     .     A - ring of resist corrosion (curse)
MR     .....                    D - +2 ring of dexterity (curse)
Stlth  +++++.....               (no ring)
                                (no ring)
                                (no ring)
                                (no ring)

@: repel missiles, not resistant to hostile enchantments, quite stealthy
A: almost no armour, amphibious, 8 rings, constrict 8, camouflage 1, gelatinous
body 1
a: Curse Item, Scrying, Renounce Religion, Evoke Berserk Rage


You were on level 11 of the Dungeon.
You worshipped Ashenzari.
Ashenzari was pleased with you.
You were not hungry.

You visited 2 branches of the dungeon, and saw 12 of its levels.
You also visited: Sewer.

You collected 464 gold pieces.
You spent 317 gold pieces at shops.

Inventory:

Hand Weapons
 g - a +0 dagger
 j - a +1 whip of venom
 r - the cursed +8 shortbow "Otaugrem" (weapon) {venom, Fragile Str-5 SInv Stlth+}
   (You bought it in a shop on level 4 of the Dungeon)

   It poisons the ammo it fires.
   It affects your strength (-5).
   It lets you see invisible.
   It will be destroyed if unequipped.
   It makes you more stealthy.
   It has a curse placed upon it.
 y - a +0 dagger of electrocution
Missiles
 d - 83 arrows (quivered)
 P - 5 javelins
Armour
 a - a cursed +2 hat (worn)
 K - a +2 large shield
 L - a +0 buckler
Jewellery
 h - an amulet of rage (around mantle)
 i - a cursed ring of protection from fire (left tentacle)
 k - a cursed ring of loudness
 n - a cursed ring of see invisible (right tentacle)
 A - a cursed ring of resist corrosion (on tentacle)
 D - a cursed +2 ring of dexterity (on tentacle)
Wands
 u - a wand of acid (15/15)
 F - a wand of random effects (24/48)
 J - a wand of slowing (33/48)
Scrolls
 c - 3 scrolls of recharging
 f - 3 scrolls of teleportation
 w - a scroll of magic mapping
 E - a scroll of noise
 G - 2 scrolls of fear
 I - 5 scrolls of remove curse
Potions
 e - 2 potions of degeneration
 l - a potion of heal wounds
 o - 2 potions of haste
 p - 4 potions of flight
 q - 2 potions of mutation
 t - 2 potions of cure mutation
 x - a potion of might
 B - a potion of invisibility
 C - 2 potions of lignification {unknown}
 H - a potion of magic
 M - a potion of brilliance {unknown}
 O - a potion of ambrosia {unknown}
 Q - a potion of resistance {unknown}
 R - a potion of curing {unknown}
Books
 b - a book of Minor Magic

   Spells                             Type                      Level
   a - Magic Dart                     Conjuration                  1
   b - Blink                          Translocation                2
   c - Call Imp                       Summoning                    2
   d - Repel Missiles                 Charms/Air                   2
   e - Slow                           Hexes                        2
   f - Conjure Flame                  Conjuration/Fire             3
   g - Mephitic Cloud                 Conjuration/Poison/Air       3
Comestibles
 m - 6 fruits
 s - 4 meat rations
 v - 4 bread rations
 z - 3 beef jerkies
 N - a slice of pizza
 S - 6 chunks of flesh


   Skills:
 + Level 6.7 Fighting
 + Level 6.6(9.7) Bows
 + Level 7.1(9.4) Dodging
 - Level 2.6(4.5) Stealth
 - Level 6.8 Spellcasting
 - Level 5.2 Conjurations
   Level 1.0 Summonings
 - Level 1.6 Translocations
 - Level 4.2 Air Magic
 - Level 6.8 Poison Magic


You had 15 spell levels left.
You knew the following spells:

 Your Spells              Type           Power        Failure   Level  Hunger
a - Magic Dart            Conj           ####         1%          1    None
b - Blink                 Tloc           N/A          10%         2    None
c - Mephitic Cloud        Conj/Pois/Air  ####....     2%          3    None
d - Repel Missiles        Chrm/Air       ###...       6%          2    None


Dungeon Overview and Level Annotations

Branches:
Dungeon (11/15)            Temple (1/1) D:5
   Lair: D:8-11         Orc: D:9-12

Altars:
Ashenzari
Cheibriados
Dithmenos
Elyvilon
Fedhas
Gozag
Kikubaaqudgha
Makhleb
Okawaru
Pakellas
Qazlal
Ru
Sif Muna
Trog
Vehumet
Xom
Yredelemnul
Zin
The Shining One

Shops:
D:4 %(   D:6 ?([*

Annotations:
D:7 exclusions: 2 plants and 6 more exclusions
D:9 exclusions: gargoyle and 1 more exclusion


Innate Abilities, Weirdness & Mutations

You cannot wear most types of armour.
You are amphibious.
You can wear up to eight rings at the same time.
You can use your tentacles to constrict eight enemies at once.
Your skin changes colour to match your surroundings (Stealth).
Your rubbery body absorbs attacks (AC +1).


Message History

Drink which item? (? for menu, Esc to quit)
You feel much better.
The warg barely misses you. x2; The warg bites you.
The warg completely misses you.
The orc wizard miscasts a cantrip.
Things that are here:
a sky beast corpse; a warg skeleton The warg closely misses you.
Casting: Mephitic Cloud
Confirm with . or Enter, or press ? or * to list all spells.
Aiming: Mephitic Cloud
Press: ? - help, Shift-Dir - straight line, p - warg The ball explodes into a vile cloud!
The stinking cloud engulfs the warg.
The warg is lightly wounded.
The stinking cloud engulfs the warg.
The warg is heavily wounded.
You hear a bellow! x2
The warg bites you!
* * * LOW HITPOINT WARNING * * *
The warg bites you!
You die...

** #### ,,, , ..#
,* **#.# *
#.#####.##### ,
##..........# ,
#..####.###§## *
#.#........@h§# *
######.###h§#######
* * #.# #.........
#.# ##§######. * ,
,..# #.# * ######§#
, * ###(o{.o# *
#.)o##### *, , ,,
#(#(# **


You could see 2 wargs.

Vanquished Creatures
  An unseen horror (D:10)
  Pikel (D:6)
  A komodo dragon (D:9)
  A two-headed ogre (D:10)
  Prince Ribbit (D:6)
  A wyvern (D:11)
  Eustachio (D:6)
  A hippogriff (D:9)
  A hungry ghost (D:8)
  2 wargs (D:11)
  A slave (D:6)
  2 black bears (D:8)
  3 sky beasts
  2 phantoms
  4 ogres
  4 centaurs
  A big kobold (Sewer)
  A giant frog (D:9)
  4 scorpions
  2 howler monkeys (D:7)
  3 centaur zombies
  5 crimson imps
  A quasit (D:5)
  A giant frog zombie (D:8)
  5 giant frog skeletons
  5 hounds
  7 orc priests
  6 orc wizards
  4 centaur skeletons
  Crazy Yiuf (D:2)
  2 iguanas
  10 worker ants
  A hound skeleton (D:8)
  9 gnolls
  A howler monkey skeleton (D:5)
  12 adders
  A river rat (D:4)
  3 shadow imps
  3 oozes
  2 adder skeletons
  2 worms
  A dart slug (D:3)
  7 giant geckos
  24 orcs
  2 giant cockroaches
  7 goblins
  6 hobgoblins
  15 jackals
  8 kobolds
  4 quokkas
  8 bats
  2 giant newts
  A quokka zombie (D:5)
  10 rats
214 creatures vanquished.

Notes
Turn   | Place    | Note
--------------------------------------------------------------
     0 | D:1      | Joat the Octopode Wizard began the quest for the Orb.
     0 | D:1      | Reached XP level 1. HP: 11/11 MP: 4/4
   474 | D:1      | Reached XP level 2. HP: 17/17 MP: 1/6
   809 | D:1      | Learned a level 2 spell: Blink
   812 | D:1      | Learned a level 2 spell: Repel Missiles
  1100 | D:2      | Reached XP level 3. HP: 21/21 MP: 2/7
  1105 | D:2      | Learned a level 3 spell: Mephitic Cloud
  1282 | D:2      | Found a snail-covered altar of Cheibriados.
  1408 | D:2      | Noticed Crazy Yiuf
  1421 | D:2      | Killed Crazy Yiuf
  1491 | D:2      | Reached XP level 4. HP: 27/27 MP: 8/8
  2419 | D:3      | Reached XP level 5. HP: 31/31 MP: 4/10
  3088 | D:3      | Reached skill level 1 in Fighting
  3408 | D:3      | Found a bloodstained altar of Trog.
  3663 | D:4      | Noticed a phantom
  3676 | D:4      | Killed a phantom
  3676 | D:4      | Reached XP level 6. HP: 30/39 MP: 0/12
  3726 | D:4      | HP: 1/39 [giant gecko (1)]
  3756 | D:4      | Found a glowing drain.
  3802 | Sewer    | Entered a sewer
  3991 | Sewer    | Reached skill level 3 in Dodging
  4105 | Sewer    | Found a glowing silver altar of Zin.
  4183 | D:4      | Found Farchan's Antique Weapon Emporium.
  4421 | D:4      | Found Feloesmi's Food Shop.
  4693 | D:4      | Reached XP level 7. HP: 45/45 MP: 9/13
  4698 | D:4      | Reached skill level 1 in Air Magic
  4702 | D:4      | Reached skill level 1 in Poison Magic
  5209 | D:5      | Entered Level 5 of the Dungeon
  5226 | D:5      | Found a staircase to the Ecumenical Temple.
  5462 | D:5      | Found an iron altar of Okawaru.
  5648 | Temple   | Entered the Ecumenical Temple
  5652 | Temple   | Became a worshipper of Ashenzari the Shackled
  5781 | D:4      | Bought a blackened shortbow for 200 gold pieces
  5781 | D:4      | Identified the +8 shortbow "Otaugrem" {venom, Fragile Str-5 SInv Stlth+} (You bought it in a shop on level 4 of the Dungeon)
  5971 | D:3      | Reached skill level 4 in Dodging
  5971 | D:3      | Reached XP level 8. HP: 53/53 MP: 9/14
  6374 | D:5      | Found a stormy altar of Qazlal.
  6376 | D:5      | Found a shadowy altar of Dithmenos.
  6443 | D:5      | Reached skill level 1 in Bows
  6757 | D:5      | Found a blossoming altar of Fedhas.
  6759 | D:5      | Found an ancient bone altar of Kikubaaqudgha.
  6982 | D:6      | Reached skill level 5 in Spellcasting
  7181 | D:6      | Found Ublitsol's Assorted Antiques.
  7197 | D:6      | Noticed Prince Ribbit
  7208 | D:6      | Killed Prince Ribbit
  7208 | D:6      | Reached XP level 9. HP: 45/59 MP: 13/16
  7283 | D:6      | Found Caom's Weapon Shoppe.
  7415 | D:6      | Reached skill level 5 in Dodging
  7422 | D:6      | Found Archagam's Armour Emporium.
  7701 | D:6      | Reached * piety under Ashenzari
  7735 | D:6      | Noticed Eustachio
  7745 | D:6      | Killed Eustachio
  7745 | D:6      | Reached skill level 5 in Conjurations
  7840 | D:6      | Found a burning altar of Makhleb.
  7861 | D:6      | Noticed Pikel
  7888 | D:6      | Killed Pikel
  7888 | D:6      | Reached skill level 5 in Fighting
  7984 | D:6      | Found Cenuduat's Magic Scroll Shoppe.
  8003 | D:6      | Bought a scroll of remove curse for 39 gold pieces
  8003 | D:6      | Bought a scroll of remove curse for 39 gold pieces
  8003 | D:6      | Bought a scroll of remove curse for 39 gold pieces
  8091 | D:6      | Found a glowing golden altar of the Shining One.
  8651 | D:7      | Identified a scroll of acquirement
  9000 | D:8      | Reached skill level 5 in Poison Magic
  9262 | D:8      | Reached ** piety under Ashenzari
  9682 | D:8      | Reached XP level 10. HP: 50/66 MP: 7/19
 10429 | D:9      | Noticed an unseen horror
 10488 | D:9      | Reached skill level 6 in Dodging
 10529 | D:9      | Noticed a gargoyle
 11036 | D:9      | Reached skill level 5 in Bows
 11322 | D:9      | Found a blossoming altar of Fedhas.
 11431 | D:10     | Entered Level 10 of the Dungeon
 11474 | D:10     | Noticed an unseen horror
 11482 | D:10     | Killed an unseen horror
 12045 | D:10     | Noticed a hill giant
 12220 | D:11     | Reached skill level 7 in Dodging
 12220 | D:11     | Reached XP level 11. HP: 33/74 MP: 21/21
 12234 | D:11     | Slain by a warg

Skill      XL: |  1  2  3  4  5  6  7  8  9 10 |
---------------+-------------------------------+-----
Conjurations   | 2 3 4 5 |  5.2
Fighting       | 1 2 3 4 5 6 |  6.7
Spellcasting   | 4 5 6 |  6.8
Dodging        | 3 4 5 7 |  7.1
Air Magic      | 2 3 4 |  4.2
Poison Magic   | 2 3 5 6 |  6.8
Bows           | 2 4 6 |  6.6
Stealth        | |  2.6
Summonings     | |  1.0
Translocations | |  1.6

Action                   |  1- 3 |  4- 6 |  7- 9 | 10-12 || total
-------------------------+-------+-------+-------+-------++-------
Melee: Unarmed           |    10 |       |       |       ||    10
       Constrict         |     5 |    29 |    16 |       ||    50
       Dagger            |     4 |       |       |       ||     4
       Whip              |     7 |   108 |    57 |       ||   172
       Tentacles         |     2 |     9 |    10 |     1 ||    22
       Shortbow          |       |       |     3 |     9 ||    12
 Fire: Shortbow          |       |       |   110 |   109 ||   219
 Cast: Magic Dart        |    27 |    76 |   174 |   145 ||   422
       Repel Missiles    |     1 |       |     2 |       ||     3
       Mephitic Cloud    |       |     1 |     6 |     5 ||    12
       Blink             |       |       |     5 |       ||     5
Invok: Curse Item        |       |       |     5 |       ||     5
  Use: Scroll            |       |     8 |    11 |     1 ||    20
       Potion            |       |     1 |     1 |     1 ||     3
 Stab: Sleeping          |     6 |    15 |     1 |       ||    22
       Confused          |       |       |     2 |       ||     2
  Eat: Bread ration      |     1 |       |       |       ||     1
       Chunk             |       |     7 |    15 |     4 ||    26
       Meat ration       |       |       |     1 |       ||     1
Armor: Skin              |     3 |    11 |    12 |    11 ||    37
Dodge: Dodged            |     6 |    69 |   101 |   109 ||   285
       Deflected         |       |       |     5 |     1 ||     6
